 Dungeon Crawl Stone Soup version 0.30.0-19-g36f170ea60 (webtiles) character file.

Game seed: 12097035594910510651

99 tizbic2 the Ducker (level 4, -8/41 HPs)
             Began as a Troll Artificer on May 30, 2023.
             Was a Follower of Lugonu.
             Mangled by a gnoll
             ... wielding a +0 spear of distortion
              (9 damage)
             ... on level 2 of the Dungeon.
             The game lasted 00:04:30 (971 turns).

tizbic2 the Ducker (Troll Artificer)                 Turns: 971, Time: 00:04:31

Health: -8/41      AC:  5    Str: 20    XL:     4   Next: 45%
Magic:  3/4        EV: 10    Int: 15    God:    Lugonu [*.....]
Gold:   0          SH:  0    Dex: 10    Spells: 4/5 levels left

rFire   . . .        (no weapon)
rCold   . . .        (no shield)
rNeg    . . .        b - +1 robe
rPois   .            (helmet restricted)
rElec   .            (no cloak)
rCorr   .            (gloves unavailable)
SInv    +            (boots unavailable)
Will    .....        (no amulet)
Stlth   +            f - +6 ring of intelligence
HPRegen 1.06/turn    g - ring of see invisible
MPRegen 0.09/turn

%: no passive effects
@: no status effects
A: large, unfitting armour, claws 3, regeneration 1, shaggy fur 1, tough skin 1
a: Renounce Religion, Depart the Abyss


You were on level 2 of the Dungeon.
You worshipped Lugonu.
Lugonu was aware of your devotion.
You visited 1 branch of the dungeon, and saw 2 of its levels.
You visited the Abyss 1 time.

Inventory:

Hand Weapons
 i - a +2 sling of flaming
 k - a +0 flail
Armour
 b - a +1 robe (worn)
Jewellery
 f - a +6 ring of intelligence (left claw)
 g - a ring of see invisible (right claw)
Wands
 c - a wand of flame (15) (quivered)
 d - a wand of charming (15)
 e - a wand of iceblast (5)
Potions
 a - a potion of invisibility {unknown}
 h - a potion of cancellation {unknown}
 l - a potion of haste {unknown}


   Skills:
 + Level 1.3 Fighting
 + Level 1.0 Staves
 * Level 2.6 Dodging
 - Level 0.3 Stealth
 * Level 1.0 Spellcasting
 + Level 0.5 Poison Magic
 + Level 2.5 Evocations


You had 4 spell levels left.
You knew the following spells:

 Your Spells              Type           Power      Damage    Failure   Level
a - Sting                 Tmut/Pois      4%         1d3       22%         1

Your spell library contained the following spells:

 Spells                   Type           Power      Damage    Failure   Level
 Poisonous Vapours        Pois/Air       2%         N/A       32%         2
 Olgreb's Toxic Radiance  Pois           2%         N/A       88%         4


Dungeon Overview and Level Annotations

Branches:
Dungeon (2/15)

Altars:


Innate Abilities, Weirdness & Mutations

You are too large for most types of armour.
You have claws for hands.
Your natural rate of healing is unusually fast.
You are covered in fur. (AC +1)
You have tough skin. (AC +1)


Message History

The gnoll barely misses you.
Really attack while wielding nothing? [Y]es or [N]o only, please.
Really attack while wielding nothing?
You barely miss the gnoll.
The gnoll hits you with a +0 spear of distortion!
* * * LOW HITPOINT WARNING * * *
You are cast into the Abyss!
This branch contains the abyssal rune of Zot.
As you read the scroll labelled LES SOANAZE, it crumbles to dust.
It is a scroll of enchant armour.
Your +0 robe glows green for a moment.
Found a corrupted altar of Lugonu.
There is a corrupted altar of Lugonu here.
You kneel at the altar of Lugonu.
Lugonu welcomes you!
You can now depart the Abyss.
You can now banish your foes.
You pass through the gate.
Welcome back to the Dungeon!
You can no longer banish your foes.
The gnoll hits you with a +0 spear of distortion.
Space warps horribly around you!
Items here: )) ††.
You scratch the gnoll.
The gnoll is lightly wounded.
The gnoll hits you with a +0 spear of distortion.
Space warps around you!
You closely miss the gnoll.
The gnoll is lightly wounded.
The gnoll closely misses you.
You scratch the gnoll.
The gnoll is moderately wounded.
The gnoll hits you but does no damage. Space warps horribly around you!
* * * LOW HITPOINT WARNING * * *
You barely miss the gnoll.
The gnoll is moderately wounded.
The gnoll hits you with a +0 spear of distortion.
* * * LOW HITPOINT WARNING * * *
Space warps horribly around you!
You die...

... #######. ........
## #######.
..#..#######.
######.#.>........
#....#.#....###.#.
#g##.#.#. .#.#.
#@##.#.# .#.#.
#.##.#.######.#.#.
#)##..........#.#.
#.####.#.....##.#.
#.....#.........))..#.
#..####.##.#.....####.
#. #.##............ #
#...............
######..[..#####


You could see a gnoll.

Vanquished Creatures
  7 gnolls (D:2)
  A dart slug (D:1)
  An endoplasm (D:1)
  4 goblins
  3 hobgoblins
  A quokka (D:1)
  5 ball pythons
  2 bats
  A frilled lizard (D:1)
  4 kobolds
  A rat (D:1)
30 creatures vanquished.

Notes
Turn   | Place    | Note
-------+----------+-------------------------------------------
     0 | D:1      | tizbic2 the Troll Artificer began the quest for the Orb.
     0 | D:1      | Reached XP level 1. HP: 18/18 MP: 0/0
   144 | D:1      | Reached XP level 2. HP: 26/26 MP: 1/1
   526 | D:1      | Reached skill level 1 in Fighting
   562 | D:1      | Learned a level 1 spell: Sting
   869 | D:2      | Reached XP level 3. HP: 22/33 MP: 2/2
   926 | D:2      | Reached XP level 4. HP: 38/41 MP: 1/4
   927 | D:2      | Reached skill level 1 in Spellcasting
   929 | D:2      | Reached skill level 1 in Staves
   937 | Abyss:1  | Cast into level 1 of the Abyss (gnoll)
   958 | Abyss:1  | Found a corrupted altar of Lugonu.
   965 | Abyss:1  | Became a worshipper of Lugonu the Unformed
   965 | Abyss:1  | Reached * piety under Lugonu
   965 | Abyss:1  | Reached ** piety under Lugonu
   966 | D:2      | Escaped the Abyss
   971 | D:2      | HP: 1/41 [gnoll/+0 spear of distortion (4)]
   971 | D:2      | Mangled by a gnoll

Illustrated notes

Levels and vault maps discovered:
D:1:      beargit_arrival_greenhouse, layout_basic
D:2:      layout_basic, serial_shops, nicolae_shop_peninsula

Skill      XL: |  1  2  3  4 |
---------------+-------------+-----
Dodging        | 2 |  2.6
Fighting       | 1 |  1.3
Spellcasting   | 1 |  1.0
Staves         | 1 |  1.0
Stealth        | |  0.3
Poison Magic   | |  0.5
Evocations     | |  2.5

Action                     |  1- 3 |  4- 6 || total
---------------------------+-------+-------++-------
  Melee: Unarmed           |    45 |     5 ||    50
         Club              |     4 |       ||     4
   Fire: Sling             |    14 |     7 ||    21
   Cast: Sting             |     1 |       ||     1
 Invoke: Depart the Abyss  |       |     1 ||     1
    Use: Scroll            |       |     1 ||     1
 Armour: Robe              |    17 |     1 ||    18
  Dodge: Dodged            |    35 |     4 ||    39
